 Dungeon Crawl Stone Soup version 0.28.0-1-gb440e238dd (webtiles) character file.

Game seed: 13714608312202508124

552987 sanka the Intangible (level 26, -10/282 HPs)
             Began as a Merfolk Conjurer on Feb 22, 2022.
             Was the Champion of the Shining One.
             Mangled by an Orb Guardian (26 damage)
             ... while paralysed by a dread lich
             ... on level 5 of the Realm of Zot on Feb 23, 2022.
             The game lasted 03:06:01 (75493 turns).

sanka the Intangible (Merfolk Conjurer)            Turns: 75493, Time: 03:06:02

Health: -10/282    AC: 42    Str: 17    XL:     26   Next: 38%
Magic:  14/36      EV:  2    Int: 17    God:    the Shining One [******]
Gold:   9713       SH:  0    Dex: 15    Spells: 32/43 levels left

rFire   + + +      SeeInvis .   a - +8 bardiche (freeze)
rCold   + . .      Faith    .   (shield currently unavailable)
rNeg    + + +      Spirit   .   (armour currently unavailable)
rPois   ∞          Reflect  .   g - +2 hat of the Six Invaders {Str+4}
rElec   +          Harm     .   l - +2 cloak {rF+}
rCorr   .          Rampage  .   (gloves currently unavailable)
Will    +....                   (boots currently unavailable)
Stlth   +.........              n - amulet of regeneration
HPRegen 0.00/turn               t - ring of Angaj {rF+ AC+4 Int+2}
MPRegen 0.25/turn               k - ring of Taff {rC+ AC+4}

@: paralysed, about to teleport, statue-form (expiring), marked, inhibited
regen, slowed, glowing, studying 2 skills
A: slow and powerful, torment resistance 1, boosted hp, (nimble swimmer 2),
mertail, fangs 1, clumsy 1, deformed body, deterioration 1, dopey 1, fire
resistance 1, frail 1, poison resistance, screaming 1, inhibited regeneration,
weak 1, evolution 1, MP-powered wands
}: 3/15 runes: decaying, silver, gossamer
a: End Transformation, Renounce Religion, Divine Shield, Cleansing Flame, Summon
Divine Warrior


You were on level 5 of the Realm of Zot.
You worshipped the Shining One.
The Shining One was exalted by your worship.
You were a living statue of rough stone.
You visited 8 branches of the dungeon, and saw 45 of its levels.
You visited the Abyss 1 time.
You also visited: Sewer, Ice Cave, Volcano and Desolation.

You collected 10011 gold pieces.
You spent 298 gold pieces at shops.

Inventory:

Hand Weapons
 a - a +8 bardiche of freezing (weapon)
 b - a +2 glaive of flaming
 y - a +2 trishula of holy wrath
Missiles
 s - 8 curare-tipped darts
 W - 2 throwing nets
Armour
 g - the +2 hat of the Six Invaders (worn) {Str+4}
   (You found it on level 2 of the Vaults)

   Str:       It affects your strength (+4).
 h - the +9 scale mail "Likh" (melded) {Int+8}
   (You took it off a vault guard on level 5 of the Vaults)

   Int:       It affects your intelligence (+8).
 l - a +2 cloak of fire resistance (worn)
 L - a +2 pair of boots of stealth (melded)
 V - a +2 pair of gloves of dexterity (melded)
Jewellery
 f - an amulet of the acrobat
 k - the ring of Taff (right fist) {rC+ AC+4}
   (You found it in the Desolation of Salt)

   [ring of protection]

   AC:        It affects your AC (+4).
   rC:        It protects you from cold.
 n - an amulet of regeneration (around neck)
 p - a +4 ring of evasion
 q - a ring of willpower
 t - the ring of Angaj (left fist) {rF+ AC+4 Int+2}
   (You found it in the Desolation of Salt)

   [ring of protection]

   AC:        It affects your AC (+4).
   Int:       It affects your intelligence (+2).
   rF:        It protects you from fire.
 w - an amulet of magic regeneration
 z - a ring of resist corrosion
 D - a +6 ring of dexterity
 K - an amulet of faith
 O - a ring of see invisible
Wands
 e - a wand of paralysis (5)
 A - a wand of charming (11)
 E - a wand of iceblast (46)
 P - a wand of mindburst (45)
 Q - a wand of digging (22)
 R - a wand of polymorph (21)
 S - a wand of flame (59)
 Z - a wand of acid (16)
Scrolls
 c - 13 scrolls of fog
 i - 5 scrolls of enchant armour
 m - 4 scrolls of fear
 o - 2 scrolls of silence
 r - 12 scrolls of teleportation
 u - 3 scrolls of magic mapping
 B - 8 scrolls of summoning
 I - 2 scrolls of holy word
 Y - 4 scrolls of blinking
Potions
 d - 2 potions of magic
 j - 7 potions of brilliance
 v - 3 potions of resistance
 x - 8 potions of curing
 C - 7 potions of flight
 F - 5 potions of attraction
 G - a potion of heal wounds
 H - 5 potions of might
 J - 8 potions of mutation
 M - 6 potions of ambrosia
 N - 2 potions of cancellation
 T - 5 potions of haste
 U - a potion of berserk rage


   Skills:
 O Level 27 Fighting
 - Level 24.0 Polearms
 - Level 8.0 Armour
 O Level 27 Dodging
 - Level 2.1 Stealth
 - Level 9.0 Spellcasting
 - Level 4.0 Conjurations
 - Level 19.0 Transmutations
 - Level 12.0 Earth Magic
 + Level 17.4 Invocations


You had 32 spell levels left.
You knew the following spells:

 Your Spells              Type           Power      Damage    Failure   Level
a - Magic Dart            Conj           84%        1d7       1%          1
b - Searing Ray           Conj           42%        2d6       2%          2
c - Statue Form           Tmut/Erth      38%        N/A       2%          6
d - Passwall              Tmut/Erth      47%        N/A       1%          2

Your spell library contained the following spells:

 Spells                   Type           Power      Damage    Failure   Level
 Sandblast                Erth           96%        2d20      1%          1
 Sting                    Tmut/Pois      100%       1d8       1%          1
 Stone Arrow              Conj/Erth      68%        3d11      1%          3
 Petrify                  Tmut/Erth      57%        N/A       1%          4
 Blade Hands              Tmut           32%        N/A       1%          5
 Lee's Rapid Deconstruct  Erth           24%        3d14*     1%          5
 Ignite Poison            Fire/Tmut/Pois 29%        N/A       2%          3
 Alistair's Intoxication  Tmut/Pois      26%        N/A       5%          5
 Animate Armour           Summ/Erth      56%        N/A       8%          4
 Leda's Liquefaction      Hex/Erth       14%        N/A       8%          4
 Animate Skeleton         Necr           14%        N/A       10%         1
 Apportation              Tloc           14%        N/A       10%         1
 Slow                     Hex            28%        N/A       10%         1
 Summon Small Mammal      Summ           28%        N/A       10%         1
 Conjure Flame            Conj/Fire      14%        6-21      12%         3
 Dazzling Flash           Conj/Hex       28%        N/A       12%         3
 Blink                    Tloc           14%        N/A       14%         2
 Call Imp                 Summ           7%         N/A       14%         2
 Corpse Rot               Necr/Air       14%        N/A       14%         2
 Ensorcelled Hibernation  Hex/Ice        14%        N/A       14%         2
 Poisonous Vapours        Pois/Air       14%        N/A       14%         2
 Mephitic Cloud           Conj/Pois/Air  12%        N/A       17%         3
 Call Canine Familiar     Summ           7%         N/A       28%         3
 Confusing Touch          Hex            7%         N/A       28%         3
 Gell's Gravitas          Tloc           7%         N/A       28%         3
 Summon Guardian Golem    Hex/Summ       7%         N/A       28%         3
 Swiftness                Air            7%         N/A       28%         3
 Teleport Other           Tloc           7%         N/A       28%         3
 Vampiric Draining        Necr           7%         2d6       28%         3
 Eringya's Noxious Bog    Tmut/Pois      19%        N/A       28%         6
 Flame Wave               Conj/Fire      14%        2d6       38%         4
 Fulminant Prism          Conj/Hex       7%         3d7       38%         4
 Iskenderun's Mystic Bla  Conj/Tloc      14%        2d5       38%         4
 Sticky Flame             Conj/Fire      14%        2d4       38%         4
 Iskenderun's Battlesphe  Conj           21%        2d7       45%         5
 Iron Shot                Conj/Erth      17%        9d4       47%         6
 Animate Dead             Necr           3%         N/A       67%         4
 Dispel Undead            Necr           7%         3d8       67%         4
 Olgreb's Toxic Radiance  Pois           7%         N/A       67%         4
 Summon Ice Beast         Ice/Summ       7%         N/A       67%         4
 Summon Lightning Spire   Summ/Air       7%         N/A       67%         4
 Freezing Cloud           Conj/Ice/Air   6%         6-21      83%         5
 Storm Form               Tmut/Air       19%        N/A       85%         7
 Agony                    Necr           7%         N/A       95%         5
 Excruciating Wounds      Necr           3%         N/A       95%         5
 Manifold Assault         Tloc           7%         N/A       95%         5
 Metabolic Englaciation   Hex/Ice        3%         N/A       95%         5
 Summon Forest            Summ/Tloc      3%         N/A       95%         5
 Summon Mana Viper        Hex/Summ       7%         N/A       95%         5
 Conjure Ball Lightning   Conj/Air       7%         3x3d6     99%         6
 Starburst                Conj/Fire      7%         6d4       99%         6
 Death Channel            Necr           3%         N/A       100%        6
 Dispersal                Tloc           3%         N/A       100%        6
 Simulacrum               Ice/Necr       3%         N/A       100%        6
 Summon Cactus Giant      Summ           3%         N/A       100%        6
 Haunt                    Necr/Summ      3%         N/A       100%        7
 Monstrous Menagerie      Summ           3%         N/A       100%        7
 Orb of Destruction       Conj           10%        9d6       100%        7
 Ozocubu's Refrigeration  Ice            3%         4d5       100%        7
 Spellforged Servitor     Conj/Summ      7%         N/A       100%        7
 Summon Hydra             Summ           3%         N/A       100%        7
 Ignition                 Fire           3%         3d4       100%        8
 Infestation              Necr           3%         N/A       100%        8
 Necromutation            Tmut/Necr      19%        N/A       100%        8
 Death's Door             Necr           3%         N/A       100%        9
 Fire Storm               Conj/Fire      7%         8d2       100%        9
 Polar Vortex             Ice            3%         N/A       100%        9


Dungeon Overview and Level Annotations

Branches:
Dungeon (15/15)            Temple (0/1) D:5            Lair (6/6) D:9
  Swamp (4/4) Lair:2       Spider (4/4) Lair:2        Slime (0/5) Lair:6
    Orc (2/2) D:9             Elf (0/3) Orc:2        Vaults (5/5) D:13
  Crypt (0/3) Vaults:2     Depths (4/4) D:15            Zot (5/5) Depths:4
  Sewer (visited)           IceCv (visited)         Volcano (visited)
Desolation (visited)

Altars:
Ashenzari
Cheibriados
Fedhas
Gozag
Makhleb
Nemelex Xobeh
Vehumet
Wu Jian
Xom
The Shining One
Beogh

Shops:
D:2 *   Orc:2 *:[([   Depths:1 [   Depths:2 *

Portals:
Hell: Depths:1 Depths:2 Depths:3 Depths:4
Abyss: Depths:3
Pandemonium: Depths:1 Depths:2
Ziggurat: Depths:2

Annotations:
Zot:5 1 exclusion


Innate Abilities, Weirdness & Mutations

You are a living statue of rough stone.
Your actions are slow, but your melee attacks are powerful.
You are resistant to unholy torment.
Your maximum health is greatly increased.
Your equipment is partially melded.
((You are very nimble when in or above water. (Stealth+, EV+, Speed+++)))
Your lower body shifts to a powerful aquatic tail in water.
You have very sharp teeth.
You are clumsy. (Dex -2)
Armour fits poorly on your strangely shaped body.
Your body sometimes deteriorates upon taking damage.
You are dopey. (Int -2)
Your flesh is heat resistant. (rF+)
You are frail. (-10% HP)
Your system is resistant to poisons. (rPois)
You occasionally shout uncontrollably at your foes.
You do not regenerate when monsters are visible.
You are weak. (Str -2)
You have hidden genetic potential.
You expend magic power (3 MP) to strengthen your wands.


Message History

Your angel dissolves into sparkling lights!
The orb of fire emits a lurid red light.
The bolt of fire misses you.
The dread lich casts a spell.
An ancient lich comes into view.
The orb of fire glows deep purple.
Strange energies course through your body.
You feel frail. The dread lich barely misses you.
The orb of fire glows deep purple.
The bolt of fire hits you! You resist.
* * * LOW HITPOINT WARNING * * *
The ancient lich mumbles some strange words.
The ancient lich flickers and vanishes for a moment.
Unknown command.
The orb of fire glows yellow.
The fireball explodes!
The fireball engulfs you! You resist.
* * * LOW HITPOINT WARNING * * *
The fireball engulfs the orb of fire.
The orb of fire completely resists.
The fireball engulfs the orb of fire.
The orb of fire completely resists.
The dread lich barely misses you. The dread lich closely misses you.
The orb of fire glows red.
The bolt of fire misses you.
The dread lich gestures at you while chanting.
You suddenly lose the ability to move!
The orb of fire emits a lurid red light.
Strange energies course through your body.
Your hidden genetic potential wanes.
The Orb Guardian hits you but does no damage.
The dread lich touches you but does no damage.
The orb of fire glows deep purple.
The bolt of fire hits you. You resist.
* * * LOW HITPOINT WARNING * * *
The orb of fire glows bright magenta.
The bolt of fire hits you! You resist.
* * * LOW HITPOINT WARNING * * *
An orb of fire comes into view.
Your transformation is almost over.
The Orb Guardian hits you!!
You die... *######▓▓▓▓#**#####.#******* ▓# #^........# #...*.# #. #.........# #.L..?# #. #.........# #.X2d.# #. ##.........# #XXzX.#

########. ..^....##### ##*dp.#
#......). .......# #***X#
#........ .......# #L**z#
#........ .......#########8dz.#
###..)..... #####...........*X###
#.....##### #.............#
#.....# #.............# #.....#
#####.............#####.....#####
....###############...........<..
....# #.............. ....#
#.............. ....#
#..............


You could see 8 orbs of fire, a Killer Klown, an ancient lich (invisible), a
dread lich (fast), 2 draconians, a red draconian, 3 death cobs, 6 Orb Guardians
and a tormentor (summoned).

Vanquished Creatures
  A dread lich (Vaults:5)
  2 orbs of fire
  5 ancient liches
  A Killer Klown (Zot:1)
  2 curse toes
  Saint Roka (Orc:2)
  12 golden dragons
  Nikola (Vaults:2)
  Jory (Vaults:4)
  A bone dragon (Vaults:2)
  2 electric golems
  The ghost of Xutext the Spry, an adept DsAK of Lugonu (Depths:1)
  Jorgrun (D:13)
  16 tentacled monstrosities
  Mlioglotl (Swamp:3)
  3 Orb Guardians (Zot:5)
  7 liches
  2 quicksilver dragons (Zot:1)
  8 titans
  Frances (D:13)
  A sphinx (Vaults:2)
  12 death cobs
  Kirke (Swamp:1)
  3 tentacled starspawn (Abyss:2)
  4 thorn hunters
  Roxanne (Swamp:1)
  6 shadow dragons
  4 tengu reavers
  Donald (Swamp:3)
  8 draconian monks
  16 storm dragons
  4 draconian knights
  A fenstrider witch (shapeshifter) (Depths:3)
  12 fire giants
  3 emperor scorpions
  14 vault wardens
  9 frost giants
  2 orc warlords
  An imperial myrmidon (Desolation)
  6 ghost moths
  2 deep elf sorcerers (Vaults:5)
  4 draconian shifters
  A caustic shrike zombie (Depths:1)
  6 draconian stormcallers
  7 draconian scorchers
  18 ironbound preservers
  A ghoul (Swamp:2)
  A quicksilver ooze (shapeshifter) (Vaults:5)
  6 war gargoyles
  A quicksilver ooze (Lair:6)
  10 ironbound thunderhulks
  2 broodmothers (Spider:4)
  8 draconian annihilators
  An ophan (Abyss:2)
  The ghost of Nebukadnezar the Severer, a journeyman HOFi of the Shining One (Lair:4)
  18 very ugly things
  3 demonspawn black suns (Zot:4)
  6 eleionomae
  16 green draconians
  12 stone giants
  A vampire knight (Depths:1)
  15 white draconians
  9 purple draconians
  4 entropy weavers
  5 black draconians
  A halazid warlock (Desolation)
  6 bunyips
  The ghost of DevastatorOne the Severer, a journeyman MiFi (Lair:5)
  8 spark wasps
  11 red draconians
  14 yellow draconians
  7 dire elephants
  An iron golem (Depths:1)
  A merfolk javelineer (Depths:4)
  A deep elf death mage (Vaults:5)
  A crystal guardian (Desolation)
  10 ettins
  An eidolon (Abyss:2)
  10 fire dragons
  2 deep elf high priests (Vaults:5)
  3 ragged hierophants (Desolation)
  11 yaktaur captains
  A fire dragon (shapeshifter) (Depths:2)
  13 great orbs of eyes
  Josephine (Swamp:1)
  6 peacekeepers
  A salamander tyrant (Depths:3)
  33 vault guards
  8 ice dragons
  29 hydras
  A ghost crab (Swamp:1)
  7 servants of whispers (Desolation)
  8 spriggan air magi
  4 jorogumos
  6 centaur warriors
  7 boulder beetles
  2 rakshasas
  9 alligators
  7 ironbound frosthearts
  An ogre mage (Vaults:5)
  2 death knights
  6 two-headed ogres
  2 catoblepae
  7 death scarabs (Spider:4)
  6 deep troll shamans
  8 deep troll earth magi
  3 orc high priests
  Urug (Lair:3)
  5 tengu warriors
  2 shock serpents (shapeshifter)
  A vampire mage (Depths:2)
  8 spriggan berserkers
  2 thrashing horrors (Abyss:2)
  A hell hog (Abyss:2)
  15 hell knights
  3 death yaks
  7 sun demons (Depths:1)
  A soul eater (Depths:2)
  2 sixfirhies
  Nergalle (D:10)
  A spectral death yak (Lair:6)
  9 skeletal warriors
  12 iron trolls
  An orb spider (shapeshifter) (Depths:2)
  A salamander mystic (Depths:3)
  3 pharaoh ants
  A flayed ghost (Depths:2)
  9 steelbarb worms
  A spectral anaconda (Lair:6)
  3 spriggan druids
  3 goliath frogs
  A shadow demon (Depths:2)
  A death drake (Swamp:2)
  7 bog bodies
  7 orb spiders
  3 glowing orange brains
  9 swamp dragons
  60 deep trolls
  A spectral jorogumo (Spider:4)
  A golden dragon skeleton (Depths:1)
  4 phantasmal warriors
  12 necromancers
  5 lindwurms
  Pikel (D:5)
  14 wizards
  10 ironbound convokers
  An obsidian statue (Lair:6)
  A spectral wolf spider (Spider:4)
  12 orc knights
  45 ugly things
  2 deep elf pyromancers
  6 cyclopes
  5 salamanders (Depths:3)
  A stone giant zombie (Depths:1)
  An iron dragon zombie (Depths:1)
  14 wolf spiders
  4 orc sorcerers (Orc:2)
  A wolf spider (shapeshifter) (Depths:3)
  3 manticores
  2 oklob plants (Lair:5)
  27 moths of wrath
  4 starcursed masses (Abyss:2)
  4 large abominations
  2 will-o-the-wisps
  An eye of devastation (shapeshifter) (Vaults:5)
  An eye of devastation (Depths:1)
  A dire elephant zombie (Lair:6)
  3 naga magi (Vaults:2)
  2 ice statues (IceCv)
  2 guardian serpents (Desolation)
  9 elephants
  6 black mambas
  13 vault sentinels
  6 torpor snails
  5 gargoyles
  A dire elephant skeleton (Lair:6)
  13 cane toads
  8 rime drakes
  An unseen horror (shapeshifter) (Vaults:5)
  3 spectral redbacks (Spider:4)
  A spark wasp simulacrum (Depths:1)
  27 yaktaurs
  An unseen horror (D:13)
  4 freezing wraiths
  2 hellions (Depths:1)
  6 komodo dragons
  8 ice devils
  5 demonic crawlers
  4 tengu conjurers
  A redback zombie (Spider:4)
  4 trolls
  An ancient zyme (Abyss:2)
  3 anaconda simulacra (IceCv)
  2 hellwings (Depths:2)
  2 entropy weaver simulacra (IceCv)
  14 meliai
  5 hornets
  A spectral culicivora (Spider:4)
  29 tarantellas
  3 spectral tarantellas (Spider:4)
  A tyrant leech (shapeshifter) (Vaults:5)
  2 polar bears
  3 spectral elephants (Lair:6)
  A deep troll zombie (Vaults:3)
  2 bloated husks
  31 saltlings (Desolation)
  A slime creature (shapeshifter) (Depths:3)
  A harpy skeleton (Volcano)
  A raiju (Abyss:2)
  11 blink frogs
  7 tyrant leeches
  Grinder (D:3)
  3 jumping spider zombies (Spider:4)
  34 slime creatures
  4 dream sheep (Lair:6)
  45 jumping spiders
  3 flying skulls (Volcano)
  Sigmund (D:6)
  A shadow (D:10)
  3 small abominations (Abyss:2)
  9 wraiths
  An alligator skeleton (Volcano)
  10 culicivoras
  6 spriggans
  2 ynoxinuls (Abyss:2)
  A hog (Swamp:1)
  4 dire elephant simulacra
  A human (shapeshifter) (Depths:3)
  5 basilisks
  4 wyverns
  43 yaks
  A steam dragon (shapeshifter) (Vaults:5)
  A death yak simulacrum (Lair:6)
  59 redbacks
  3 spectral cane toads (Lair:6)
  7 vampire mosquitoes
  2 wargs
  2 harpy simulacra (IceCv)
  An ogre zombie (Vaults:3)
  16 water moccasins
  19 swamp worms
  3 acid dragons
  9 swamp drakes
  45 orc warriors
  An ettin simulacrum (Vaults:4)
  4 black bears
  2 ice beasts
  10 ogres
  A sky beast (D:8)
  A necrophage (D:6)
  5 wolves
  An elephant zombie (Lair:6)
  9 centaurs
  A kobold brigand (Sewer)
  10 bullfrogs
  A two-headed ogre simulacrum (IceCv)
  3 gnoll sergeants
  A scorpion (D:5)
  A human skeleton (Vaults:3)
  A water moccasin zombie (D:6)
  5 cane toad simulacra
  A water moccasin skeleton (D:6)
  14 killer bees
  3 human simulacra
  5 wights (D:7)
  An elephant simulacrum (Lair:6)
  3 vampire bats (Lair:1)
  3 howler monkeys
  A troll skeleton (Volcano)
  3 bullfrog zombies
  4 centaur zombies
  A quasit (Abyss:2)
  3 hounds
  2 bullfrog skeletons
  A centaur skeleton (D:7)
  9 jellies
  18 orc priests
  2 gnoll shamans (D:6)
  2 iguanas (D:5)
  A troll simulacrum (IceCv)
  7 hell rats (Lair:1)
  23 orc wizards
  A killer bee zombie (D:7)
  2 naga skeletons (Volcano)
  3 howler monkey zombies
  18 gnolls
  A naga simulacrum (IceCv)
  10 adders
  7 river rats (Sewer)
  5 shadow imps
  2 white imps
  An adder skeleton (D:4)
  A worm (D:2)
  3 dart slugs
  97 orcs
  8 ball pythons
  7 endoplasms
  5 giant cockroaches
  3 goblins
  6 hobgoblins
  7 jackals
  13 kobolds
  6 quokkas
  9 bats
  9 frilled lizards
  10 rats
  A briar patch (Swamp:1)
  A starspawn tentacle (Abyss:2)
1975 creatures vanquished.

Vanquished Creatures (collateral kills)
  An orb of fire (Zot:4)
  2 tentacled monstrosities (Zot:1)
  Asterion (Spider:4)
  A draconian knight (Zot:2)
  Aizul (Swamp:2)
  3 vault wardens
  A ghost moth (Spider:4)
  2 very ugly things (Depths:3)
  A war gargoyle (Vaults:5)
  An ironbound preserver (Vaults:5)
  A draconian annihilator (Zot:3)
  A red draconian (Zot:3)
  A demonspawn black sun (Zot:4)
  An entropy weaver (Vaults:1)
  A white draconian (Zot:3)
  2 crystal guardians (Desolation)
  An ettin (Vaults:5)
  A ragged hierophant (Desolation)
  A deep elf high priest (Vaults:5)
  2 yaktaur captains
  2 peacekeepers (Desolation)
  A jorogumo (Spider:4)
  A radroach (Spider:4)
  4 centaur warriors (Vaults:3)
  An alligator (shapeshifter) (Depths:3)
  A spectral emperor scorpion (Spider:4)
  A pharaoh ant (Spider:4)
  A deep troll (Spider:4)
  An orb spider (Spider:4)
  2 lindwurms (Vaults:3)
  A wizard (Depths:3)
  2 phantasmal warriors (Vaults:5)
  5 wolf spiders (Spider:4)
  2 ugly things (Vaults:3)
  2 shining eyes (Depths:1)
  2 moths of wrath
  A vault sentinel (Vaults:5)
  A molten gargoyle (Desolation)
  2 spectral redbacks (Spider:4)
  5 yaktaurs
  A demonic crawler (Spider:4)
  A meliai (Spider:4)
  6 saltlings (Desolation)
  A jumping spider zombie (Spider:4)
  An ettin skeleton (Vaults:3)
  4 jumping spiders (Spider:4)
  2 culicivoras (Spider:4)
  4 redbacks (Spider:4)
84 creatures vanquished.

Vanquished Creatures (others)
  A draconian monk (Zot:3)
  A vault warden (Vaults:2)
  A green draconian (Zot:2)
  A hydra (D:12)
  2 vault sentinels
  3 bloated husks
  3 water elementals (Depths:4)
  6 humans (Swamp:1)
  2 orcs
  3 briar patches (Swamp:4)
  9 foxfires
  19 fungi
  A lurking horror (Abyss:2)
  44 plants
  6 starspawn tentacles (Abyss:2)
  20 withered plants (Lair:6)
122 creatures vanquished.

Grand Total: 2181 creatures vanquished

Notes
Turn   | Place    | Note
-------+----------+-------------------------------------------
     0 | D:1      | sanka the Merfolk Conjurer began the quest for the Orb.
     0 | D:1      | Reached XP level 1. HP: 13/13 MP: 3/3
   372 | D:1      | Reached XP level 2. HP: 19/19 MP: 3/5
  1086 | D:2      | Found Dipn's Assorted Antiques.
  1142 | D:2      | Reached XP level 3. HP: 24/24 MP: 2/6
  1888 | D:3      | Found a glowing drain.
  1908 | D:3      | Reached skill level 1 in Polearms
  1908 | D:3      | Identified the +9 hand axe "Xafrurag" {flame, rF+ rC+
                  | Will+}
  1929 | Sewer    | Entered a sewer
  1960 | Sewer    | Reached XP level 4. HP: 31/31 MP: 7/7
  1987 | Sewer    | Reached skill level 1 in Fighting
  2273 | Sewer    | Reached XP level 5. HP: 38/38 MP: 8/8
  2428 | Sewer    | Reached skill level 5 in Dodging
  2649 | Sewer    | Noticed a kobold brigand
  2658 | Sewer    | Killed a kobold brigand
  2659 | Sewer    | Reached XP level 6. HP: 7/47 MP: 9/9
  3213 | D:3      | Found a faded altar of an unknown god.
  3218 | D:3      | Prayed at the altar of an unknown god.
  3218 | D:3      | Became a worshipper of the Shining One
  3218 | D:3      | Reached * piety under the Shining One
  3420 | D:3      | Noticed Grinder
  3434 | D:3      | Killed Grinder
  3767 | D:4      | Reached XP level 7. HP: 55/55 MP: 10/10
  4389 | D:5      | Entered Level 5 of the Dungeon
  4475 | D:5      | Found a staircase to the Ecumenical Temple.
  4562 | D:5      | Reached skill level 5 in Fighting
  4598 | D:5      | Reached ** piety under the Shining One
  4846 | D:5      | Reached XP level 8. HP: 15/64 MP: 11/11
  5686 | D:6      | Noticed Pikel
  5746 | D:5      | Killed Pikel
  5747 | D:5      | Reached skill level 5 in Polearms
  5747 | D:5      | Reached XP level 9. HP: 19/72 MP: 12/12
  6014 | D:6      | Reached skill level 10 in Dodging
  6331 | D:6      | Noticed Sigmund
  6396 | D:6      | Killed Sigmund
  6640 | D:6      | Noticed a manticore
  6664 | D:6      | Killed a manticore
  7320 | D:6      | Reached *** piety under the Shining One
  7451 | D:6      | Reached XP level 10. HP: 83/83 MP: 7/13
  7460 | D:6      | Learned a level 2 spell: Searing Ray
  8655 | D:7      | Reached **** piety under the Shining One
  8937 | D:7      | Identified the +7 dagger of Iphokhlystro {venom, Str+7
                  | Stlth-}
  9231 | D:7      | Identified the +9 whip of Unpleasantness {vorpal, Str+5
                  | Dex+2}
  9480 | D:7      | Noticed a cyclops
  9492 | D:7      | Killed a cyclops
  9493 | D:7      | Reached skill level 10 in Polearms
  9649 | D:7      | Reached skill level 10 in Fighting
  9962 | D:8      | The Shining One protects you from harm!
 11325 | D:9      | Found a staircase to the Lair.
 11692 | D:9      | Reached XP level 11. HP: 33/90 MP: 14/14
 12164 | D:9      | Found a staircase to the Orcish Mines.
 12625 | D:9      | Found a burning altar of Makhleb.
 12673 | D:9      | Found a shimmering altar of Xom.
 12862 | D:10     | Entered Level 10 of the Dungeon
 12897 | D:10     | Noticed a two-headed ogre
 12906 | D:10     | Killed a two-headed ogre
 13040 | D:10     | Identified the +5 dagger of Perfectionism {spect, Int+3
                  | Dex+3}
 13173 | D:10     | Reached ***** piety under the Shining One
 13265 | D:10     | Noticed a two-headed ogre
 13275 | D:10     | Killed a two-headed ogre
 14072 | D:11     | Noticed a death knight
 14079 | D:11     | Noticed Nergalle
 14084 | D:11     | Killed a death knight
 14107 | D:10     | Killed Nergalle
 14108 | D:10     | Reached skill level 15 in Dodging
 14212 | D:10     | Learned a level 6 spell: Statue Form
 14287 | D:11     | Noticed a two-headed ogre
 14296 | D:11     | Killed a two-headed ogre
 15075 | D:11     | Reached skill level 15 in Polearms
 15342 | D:11     | Reached skill level 5 in Transmutations
 15342 | D:11     | Reached XP level 12. HP: 65/97 MP: 15/15
 16135 | Lair:1   | Entered Level 1 of the Lair of Beasts
 16265 | Lair:1   | Found a dark tunnel.
 16470 | Volcano  | Entered a volcano
 17274 | Volcano  | Reached skill level 1 in Earth Magic
 18477 | Lair:1   | Reached skill level 10 in Transmutations
 18697 | Lair:2   | Found a staircase to the Swamp.
 18711 | Lair:2   | Reached ****** piety under the Shining One
 18894 | Lair:2   | Noticed a six-headed hydra
 18914 | Lair:2   | Killed a one-headed hydra
 19269 | Lair:2   | Reached XP level 13. HP: 97/103 MP: 16/16
 19666 | Lair:2   | Found a hole to the Spider Nest.
 20209 | Lair:3   | Identified a scroll of acquirement
 20301 | Lair:3   | Reached skill level 5 in Earth Magic
 21364 | Lair:3   | Noticed Urug
 22025 | Lair:3   | Gained mutation: You are weak. (Str -2) [mutagenic glow]
 22027 | Lair:3   | Lost mutation: You are weak. (Str -2) [potion of mutation]
 22027 | Lair:3   | Gained mutation: Your flesh is heat resistant. (rF+)
                  | [potion of mutation]
 22027 | Lair:3   | Gained mutation: Your system is resistant to poisons.
                  | (rPois) [potion of mutation]
 23464 | Lair:4   | Found a runed translucent gate.
 23465 | Lair:4   | Found a runed translucent gate.
 23465 | Lair:4   | Found a runed translucent gate.
 23466 | Lair:4   | Noticed Nebukadnezar's ghost (journeyman HOFi)
 23490 | Lair:4   | Found an ornate altar of the Wu Jian Council.
 23760 | Lair:4   | Found an opulent altar of Gozag.
 24266 | Lair:5   | Found a transporter.
 24288 | Lair:5   | Found a transporter.
 24716 | Lair:5   | Noticed DevastatorOne's ghost (journeyman MiFi)
 24945 | Lair:6   | Entered Level 6 of the Lair of Beasts
 25051 | Lair:6   | Reached XP level 14. HP: 110/110 MP: 15/21
 25101 | Lair:6   | Reached skill level 5 in Spellcasting
 25542 | Lair:6   | Noticed a quicksilver ooze
 25552 | Lair:6   | Killed a quicksilver ooze
 25679 | Lair:6   | Reached skill level 15 in Transmutations
 25777 | Lair:6   | Found a staircase to the Slime Pits.
 25945 | Lair:6   | Noticed a dire elephant
 25945 | Lair:6   | Noticed a dire elephant
 25946 | Lair:6   | Noticed a dire elephant
 26497 | Lair:6   | Got the Catalogue of Shape Shifting
 26796 | Lair:6   | Killed a dire elephant
 27452 | Lair:6   | Killed a dire elephant
 27677 | Lair:6   | Killed a dire elephant
 27865 | Lair:6   | Found a staircase to the Slime Pits.
 28297 | Lair:6   | Found a staircase to the Slime Pits.
 28987 | Lair:3   | You fall into a shaft and drop 2 floors!
 29041 | Lair:3   | Killed Urug
 29413 | Orc:1    | Entered Level 1 of the Orcish Mines
 29499 | Orc:1    | HP: 1/143 [orc priest/divine providence (13)]
 29563 | Orc:1    | Found a frozen archway.
 29819 | IceCv    | Entered an ice cave
 30165 | IceCv    | The Shining One protects you from harm!
 30563 | IceCv    | Reached XP level 15. HP: 115/115 MP: 24/24
 30934 | IceCv    | Reached skill level 1 in Invocations
 31665 | Orc:2    | Entered Level 2 of the Orcish Mines
 31795 | Orc:2    | Paralysed by an orc sorcerer for 2 turns
 31862 | Orc:2    | Found Kiagaujo's Book Shoppe.
 31874 | Orc:2    | Learned a level 2 spell: Passwall
 31951 | Orc:2    | Found Ulliugea's General Store.
 32064 | Orc:2    | Found a staircase to the Elven Halls.
 32144 | Orc:2    | Found Beohifod's Armour Emporium.
 32303 | Orc:2    | Noticed Saint Roka
 32320 | Orc:2    | HP: 6/149 [Saint Roka (32)]
 32320 | Orc:2    | The Shining One protects you from harm!
 32774 | Orc:2    | Paralysed by an orc sorcerer for 4 turns
 32862 | Orc:2    | Killed Saint Roka
 32973 | Orc:2    | Found Pimeatoe's Antique Armour Shoppe.
 32978 | Orc:2    | Found Othesut's Antique Weapon Emporium.
 33290 | Orc:2    | Bought a scroll of teleportation for 42 gold pieces
 33290 | Orc:2    | Bought a potion of might for 56 gold pieces
 33290 | Orc:2    | Bought a potion of curing for 42 gold pieces
 33290 | Orc:2    | Bought a scroll of identify for 28 gold pieces
 35013 | D:13     | Noticed Frances
 35030 | D:13     | Killed Frances
 35031 | D:13     | Reached skill level 5 in Invocations
 35164 | D:13     | Noticed Jorgrun
 35180 | D:13     | HP: 5/149 [constriction (7)]
 35181 | D:13     | Killed Jorgrun
 35813 | D:13     | Found a gate to the Vaults.
 35891 | D:13     | Identified the +9 war axe of Dried Tears {drain, Will++
                  | Int+4 SInv Stlth+}
 36028 | D:14     | Found a blossoming altar of Fedhas.
 36057 | D:14     | Reached XP level 16. HP: 122/122 MP: 27/27
 36587 | D:15     | Entered Level 15 of the Dungeon
 36589 | D:15     | Identified the +0 cloak "Bypufat" {+Blink Will+ Str+6}
 37685 | D:15     | Found a staircase to the Depths.
 38068 | Swamp:1  | Entered Level 1 of the Swamp
 38202 | Swamp:1  | Identified Roxanne's Catalogue of Stones
 38202 | Swamp:1  | Noticed Roxanne
 38215 | Swamp:1  | Noticed Kirke
 38327 | Swamp:1  | Acquired 1083 gold pieces
 38329 | Swamp:1  | Acquired a +3 bardiche of freezing
 38354 | Swamp:1  | Reached skill level 10 in Earth Magic
 38384 | Swamp:1  | Killed Kirke
 38408 | Swamp:1  | Noticed Josephine
 38417 | Swamp:1  | Killed Josephine
 38541 | Swamp:1  | Noticed a thorn hunter
 38551 | Swamp:1  | Killed a thorn hunter
 39080 | Swamp:1  | Killed Roxanne
 39177 | Swamp:1  | Identified the +4 scale mail of the Saviour {Fly rCorr}
 39255 | Swamp:2  | Identified the +10 flail "Neopa" {speed, rF+}
 39255 | Swamp:2  | Noticed Aizul
 39282 | Swamp:2  | Killed Aizul
 40264 | Swamp:2  | Reached XP level 17. HP: 128/128 MP: 18/30
 40760 | Swamp:3  | HP: 3/166 [death yak[a spriggan berserker] (14)]
 41162 | Swamp:3  | The Shining One protects you from harm!
 41163 | Swamp:3  | You fall into a shaft and drop 1 floor!
 41163 | Swamp:4  | Entered Level 4 of the Swamp
 42102 | Swamp:4  | Got a decaying rune of Zot
 42362 | Swamp:3  | Noticed Donald
 42368 | Swamp:3  | Killed Donald
 42398 | Swamp:3  | Noticed Mlioglotl
 42514 | Swamp:3  | Killed Mlioglotl
 42515 | Swamp:3  | Reached skill level 10 in Invocations
 43984 | Spider:1 | Entered Level 1 of the Spider Nest
 45277 | Spider:2 | Reached XP level 18. HP: 134/134 MP: 25/31
 47199 | Spider:3 | Reached skill level 15 in Invocations
 48129 | Spider:4 | Entered Level 4 of the Spider Nest
 48612 | Spider:4 | Noticed Asterion
 48625 | Spider:4 | Killed Asterion
 49287 | Spider:4 | Reached XP level 19. HP: 146/146 MP: 22/32
 49664 | Spider:4 | Got a gossamer rune of Zot
 50138 | Vaults:1 | Entered Level 1 of the Vaults
 50551 | Vaults:1 | You fall into a shaft and drop 1 floor!
 50795 | Vaults:1 | Identified the +2 tower shield "Daytz" {Harm Str+4}
 52052 | Vaults:1 | Identified the +11 hand crossbow "Tatirr" {penet, Str+2}
 52970 | Vaults:2 | Noticed a bone dragon
 52980 | Vaults:2 | Killed a bone dragon
 53026 | Vaults:2 | Found a staircase to the Crypt.
 53129 | Vaults:2 | Noticed Nikola
 53144 | Vaults:2 | Killed Nikola
 53771 | Vaults:2 | Reached skill level 15 in Fighting
 54130 | Vaults:2 | Reached XP level 20. HP: 162/162 MP: 29/33
 54388 | Vaults:2 | Found a radiant altar of Vehumet.
 54398 | Vaults:2 | Identified the +1 robe of Prudence {rF- rC+++ Str-5 Slay+4}
 54401 | Vaults:2 | Identified the +2 hat of the Six Invaders {Str+4}
 54431 | Vaults:2 | Identified the +2 hat "Athiek Net" {rPois Int-3 Dex+3}
 54917 | Vaults:3 | Found a crumbling gateway.
 55100 | Desolati | Entered the Desolation of Salt
 55736 | Desolati | Got Sif Muna's Papyrus of Nocuous Black Magic
 55741 | Desolati | Identified the ring of Taff {rC+ AC+4}
 55898 | Desolati | Identified the ring of Angaj {rF+ AC+4 Int+2}
 55987 | Desolati | Identified the +1 swamp dragon scales "Afyh" {rPois rF- rC+
                  | Int+5}
 56075 | Vaults:3 | Cast into level 2 of the Abyss (orc warlord)
 56330 | Vaults:3 | Escaped the Abyss
 57015 | Vaults:3 | Reached XP level 21. HP: 175/175 MP: 34/34
 57950 | Vaults:4 | Noticed Jory
 57962 | Vaults:4 | Killed Jory
 58474 | Vaults:4 | Noticed an ancient lich
 58488 | Vaults:4 | Killed an ancient lich
 58869 | Depths:1 | Entered Level 1 of the Depths
 58869 | Depths:1 | Found a one-way gate leading to the halls of Pandemonium.
 59530 | Depths:1 | Found a gateway to Hell.
 59544 | Depths:1 | Gained mutation: Your spells are a little harder to cast,
                  | but a little more powerful. [a shining eye]
 59546 | Depths:1 | Gained mutation: You occasionally shout uncontrollably at
                  | your foes. [a shining eye]
 59678 | Depths:1 | Found a runed translucent door.
 59679 | Depths:1 | Noticed Xutext's ghost (adept DsAK)
 59733 | Depths:1 | Found a snail-covered altar of Cheibriados.
 59823 | Depths:1 | Found Bauppionesm's Antique Armour Emporium.
 60450 | Depths:1 | Killed Xutext's ghost
 60451 | Depths:1 | Reached XP level 22. HP: 188/188 MP: 35/35
 60851 | Lair:4   | Killed Nebukadnezar's ghost
 60917 | Lair:5   | Killed DevastatorOne's ghost
 61505 | Depths:2 | Found a one-way gateway to a ziggurat.
 62049 | Depths:2 | Found Taprour's Assorted Antiques.
 62057 | Depths:2 | Bought a potion of heal wounds for 130 gold pieces
 62167 | Depths:2 | Noticed a golden dragon
 62183 | Depths:2 | Killed a golden dragon
 62213 | Depths:2 | Found a runed translucent door.
 62297 | Depths:2 | You fall into a shaft and drop 1 floor!
 62563 | Depths:3 | Identified a +2 trishula of holy wrath (a +0 demon trident
                  | of pain blessed by the Shining One)
 62563 | Depths:3 | Received a gift from the Shining One
 62820 | Depths:3 | Paralysed by a great orb of eyes for 3 turns
 63254 | Depths:3 | Noticed a caustic shrike
 63261 | Depths:3 | Noticed a shard shrike
 63261 | Depths:3 | a rockslime changed into a shard shrike
 63262 | Depths:3 | Noticed a juggernaut
 63262 | Depths:3 | a shard shrike changed into a juggernaut
 63263 | Depths:3 | Noticed a caustic shrike
 63263 | Depths:3 | a juggernaut changed into a caustic shrike
 63263 | Depths:3 | a caustic shrike changed into a fenstrider witch
 63404 | Depths:2 | Found a glowing golden altar of the Shining One.
 63730 | Depths:2 | Found a runed translucent door.
 63730 | Depths:2 | Found a runed translucent door.
 63892 | Depths:2 | Reached XP level 23. HP: 201/201 MP: 36/36
 63969 | Depths:2 | Noticed a golden dragon
 63980 | Depths:2 | Killed a golden dragon
 64015 | Depths:2 | Identified the +7 arbalest of Conformity {flame, Dex+6
                  | Stlth+}
 64292 | Depths:3 | Found a one-way gate to the infinite horrors of the Abyss.
 64349 | Depths:3 | Found a broken altar of Ashenzari.
 64363 | Depths:3 | Got Rufowase's Guide on Cloudy Ignition
 64570 | Depths:3 | Found a sparkling altar of Nemelex Xobeh.
 64593 | Depths:4 | Entered Level 4 of the Depths
 64847 | Depths:4 | Reached skill level 27 in Dodging
 65244 | Depths:4 | Noticed a golden dragon
 65249 | Depths:4 | Killed a golden dragon
 65337 | Depths:4 | Found a gate to the Realm of Zot.
 65946 | Vaults:5 | Entered Level 5 of the Vaults
 65953 | Vaults:5 | Noticed an ancient lich
 65961 | Vaults:5 | Killed an ancient lich
 66221 | Vaults:5 | Identified the +1 halberd of Dominance {protect, rPois
                  | rCorr Dex+2}
 66247 | Vaults:5 | Noticed an ancient lich
 66259 | Vaults:5 | Noticed a dread lich
 66261 | Vaults:5 | Noticed a golden dragon
 66262 | Vaults:5 | Killed an ancient lich
 66265 | Vaults:5 | Noticed an ancient lich
 66272 | Vaults:5 | Paralysed by a dread lich for 2 turns
 66278 | Vaults:5 | Killed a dread lich
 66282 | Vaults:5 | Noticed a golden dragon
 66293 | Vaults:5 | Killed an ancient lich
 66297 | Vaults:5 | Reached XP level 24. HP: 61/218 MP: 36/36
 66323 | Vaults:5 | HP: 5/284 [vault warden (26)]
 66324 | Vaults:5 | HP: 1/284 [vault warden (7)]
 67024 | Vaults:5 | Identified the +9 scale mail "Likh" {Int+8}
 67487 | Vaults:5 | Noticed an ancient lich
 67503 | Vaults:5 | Killed an ancient lich
 67686 | Vaults:5 | Identified the +6 great sword of Duorot {vorpal, rPois
                  | Stlth+}
 67772 | Vaults:5 | Identified the +2 tower shield "Navves" {+Inv Fly Dex-5}
 67949 | Vaults:5 | Got a silver rune of Zot
 68127 | Vaults:5 | Identified the ring of Cowardice {rN+ Str+4 Dex+4}
 69063 | Zot:1    | Entered Level 1 of the Realm of Zot
 69063 | Zot:1    | Noticed an orb of fire
 69068 | Depths:4 | Gained mutation: You have hidden genetic potential. [an orb
                  | of fire]
 69073 | Depths:4 | Killed an orb of fire
 69074 | Depths:4 | Reached skill level 1 in Armour
 70241 | Zot:1    | Noticed an orb of fire
 70244 | Zot:1    | Gained mutation: Your body sometimes deteriorates upon
                  | taking damage. [an orb of fire]
 70247 | Zot:1    | Gained mutation: You are dopey. (Int -2) [an orb of fire]
 70249 | Zot:1    | Gained mutation: You have great hidden genetic potential.
                  | [an orb of fire]
 70249 | Zot:1    | Gained mutation: You have very sharp teeth. [an orb of
                  | fire]
 70251 | Zot:1    | Lost mutation: Your spells are a little harder to cast, but
                  | a little more powerful. [an orb of fire]
 70254 | Zot:1    | Gained mutation: You are clumsy. (Dex -2) [an orb of fire]
 70258 | Zot:1    | Gained mutation: You are weak. (Str -2) [an orb of fire]
 70260 | Zot:1    | Gained mutation: Armour fits poorly on your strangely
                  | shaped body. [an orb of fire]
 70261 | Zot:1    | Killed an orb of fire
 70268 | Zot:1    | Reached XP level 25. HP: 232/232 MP: 36/36
 70428 | Zot:1    | Reached skill level 27 in Fighting
 70478 | Zot:1    | Reached skill level 5 in Armour
 71000 | Zot:1    | Acquired an amulet of regeneration
 71197 | Zot:2    | Noticed a Killer Klown
 71284 | Zot:1    | Killed a Killer Klown
 72187 | Zot:2    | Gained mutation: You expend magic power (3 MP) to
                  | strengthen your wands. [hidden potential]
 73928 | Zot:4    | Noticed an orb of fire
 73945 | Zot:4    | Gained mutation: You do not regenerate when monsters are
                  | visible. [an orb of fire]
 73948 | Zot:4    | Killed an orb of fire
 73970 | Zot:4    | Reached XP level 26. HP: 200/242 MP: 32/36
 74099 | Zot:4    | Identified the +9 dagger "Hour" {flame, rPois}
 74100 | Zot:4    | Got the Almanac of The Black Sun
 75137 | Zot:5    | Entered Level 5 of the Realm of Zot
 75482 | Zot:5    | Identified the +7 tower shield of Ydat {+Blink rN+}
 75484 | Zot:5    | Noticed an orb of fire
 75485 | Zot:5    | Noticed a dread lich
 75486 | Zot:5    | Noticed an orb of fire
 75487 | Zot:5    | Noticed an orb of fire
 75487 | Zot:5    | Noticed an orb of fire
 75487 | Zot:5    | Noticed an orb of fire
 75488 | Zot:5    | Noticed an orb of fire
 75488 | Zot:5    | Noticed an orb of fire
 75489 | Zot:5    | Noticed a Killer Klown
 75490 | Zot:5    | Noticed an ancient lich
 75490 | Zot:5    | Gained mutation: You are frail. (-10% HP) [an orb of fire]
 75491 | Zot:5    | Paralysed by a dread lich for 6 turns
 75492 | Zot:5    | Lost mutation: You have great hidden genetic potential. [an
                  | orb of fire]
 75492 | Zot:5    | Noticed an orb of fire
 75493 | Zot:5    | Mangled by an Orb Guardian

Illustrated notes

Levels and vault maps discovered:
D:1:      wander_arrival_chamber, layout_basic, minmay_misc_feat_room
D:2:      layout_rooms, serial_shops, shop_statue
D:3:      layout_rooms, cheibrodos_sewer_entry_drain,
          hellmonk_ecumenical_altar_lost_god, uniq_grinder
D:4:      layout_loops_ring
D:5:      layout_basic, minmay_temple_entry_mini_moons
D:6:      minmay_polygon_palace, layout_layer_cave, minmay_manual_monolith,
          uniq_sigmund, uniq_pikel
D:7:      layout_layer_cave, grunt_decor_junction, dk_noncrumbling_4,
          hangedman_minor_gate_pass
D:8:      minmay_flawed_box, layout_loops_cross, mrwooster_statue_mirror
D:9:      layout_long_grid, kennysheep_mini_moat, mainiacjoe_overflow_alcove_4,
          david_lair_generic, orc_0_dummy
D:10:     layout_grid_maze, chequers_garden, kennysheep_donut
D:11:     layout_grid_maze, uniq_nergalle
D:12:     layout_irregular_city, minmay_misc_feat_square
D:13:     layout_irregular_city, david_vaults_5, kennysheep_boxes, uniq_frances,
          uniq_jorgrun
D:14:     layout_gridville, fedhas_altar_3
D:15:     grunt_enter_depths_snipers, layout_long_grid
Lair:1:   layout_chaotic_city, nicolae_volcano_entry_hallway, roderic_batcave,
          chequers_serial_rivers_micro_c, chequers_serial_rivers_room_b,
          worms_lemuel, infiniplex_staircase_pool
Lair:2:   layout_roguey, skrybe_swamp_entry_bodies,
          nicolae_spider_entry_orb_guardian, lemuel_another_geyser
Lair:3:   layout_cave_pods, uniq_urug
Lair:4:   layout_hall_layers, basic_altar, ebering_ghost_rock_garden,
          lemuel_centaur_altar
Lair:5:   layout_roguey, nzn_ghost_randoct, infiniplex_staircase_pool_2,
          grunt_megastairs_5
Lair:6:   due_jungle_book, layout_long_grid, minmay_slime_entry_pillars,
          nicolae_lair_time_for_slime
Swamp:1:  layout_falls_marsh, evilmike_swamp_ruin_house_5, swamp_pool1,
          uniq_josephine, uniq_roxanne, uniq_kirke
Swamp:2:  layout_basic_swamp, evilmike_swamp_ruin_house_1, swamp_pool4,
          nicolae_swamp_soggy_hallways, uniq_aizul
Swamp:3:  layout_basic_swamp, nicolae_swamp_dense_foliage, uniq_mlioglotl,
          uniq_donald
Swamp:4:  swamp_alternative, layout_basic_swamp
Spider:1: layout_cave_pods, guppyfry_spider_mini_2,
          hangedman_spider_tarantella_strand
Spider:2: layout_cave_pods, nicolae_spider_shape
Spider:3: layout_spider_delve
Spider:4: floodkiller_spider_rune_tomb, uniq_asterion
Orc:1:    layout_diamond_mine, portal_ice_cave_demonic_guard, mines1_david
Orc:2:    grunt_orc_community_town_hall, layout_caves,
          grunt_orc_community_big_house_2, grunt_orc_community_big_house_1,
          grunt_orc_community_house_1, grunt_orc_community_house_3,
          grunt_orc_community_house_1, grunt_orc_community_house_1,
          serial_shops, shop
Vaults:1: v_misc_26, vaults_room_octagon, v_misc_23, ontoclasm_vaults_bender,
          v_misc_17, v_misc_13, special_room_vaults [special_room_orc],
          v_misc_23, vaults_room_pool, nicolae_vaults_little_squares_4,
          layout_vaults_chaotic_city
Vaults:2: grunt_tower_of_power, vaults_room_stairs_pillars,
          hangedman_vaults_snaps, minmay_crypt_entry_nasty_monster,
          ontoclasm_vaults_ligature, hangedman_vaults_trim, vaults_room_fours,
          layout_vaults_omnigrid, uniq_saint_roka, uniq_nikola
Vaults:3: portal_desolation_entry_nicolae_forbidding_blocks,
          ontoclasm_vaults_hangar, nicolae_vaults_network_star,
          ontoclasm_vaults_idyll, st_smaller_cells, nicolae_vaults_puzzle_piece,
          vaults_dpeg_cross, nicolae_vaults_yaktaur_gun_rack,
          nicolae_vaults_hallways_thing, vaults_mumra_hex, layout_vaults_maze
Vaults:4: dpeg_vaults_monster_row, serial_ice_b, v_misc_12,
          ontoclasm_vaults_pinch, nicolae_vaults_circle_grid_a,
          vaults_room_door_hall, v_alt_pattern_1, ontoclasm_vaults_fault,
          serial_ice_g, layout_vaults_omnicross, uniq_jory
Vaults:5
Depths:1: layout_basic, pan_entry, hellmonk_ghost_happy_afterlife,
          nicolae_hell_entry_hellmouth_sunbeams, minmay_misc_feat_x,
          chei_slow_surprise, minmay_shop_star
Depths:2: minmay_the_grid_triangle_9x9_rhombus_full
          [minmay_the_grid_triangle_9x9_from_above,
          minmay_the_grid_triangle_9x9_fully_insulated_deathbox,
          minmay_the_grid_triangle_9x9_corruption,
          minmay_the_grid_triangle_9x9_wacky_v,
          minmay_the_grid_triangle_9x9_warning,
          minmay_the_grid_triangle_9x9_windchime,
          minmay_the_grid_triangle_9x9_descending_squares,
          minmay_the_grid_triangle_9x9_prize_schism], layout_basic,
          enter_ziggurat_b, tso_metal_star, rand_demon_pan_entry_4,
          serial_shops, shop, hell_entry
Depths:3: dreamdust_experimentation, layout_cave_pools,
          grunt_hell_entry_dis_grunt, hangedman_abyss_entry_splay,
          nemelex_lonely_heart_becter, ashenzari_altar_1
Depths:4: evilmike_zot_entry_hall, layout_basic, pf_coc_iceberg,
          bh_walls_and_bars, lemuel_freeze_loot_1
Zot:1:    layout_misc_corridors, zot_minivault_8
Zot:2:    layout_cathedral_of_symmetry
Zot:3:    layout_misc_corridors
Zot:4:    dreamdust_black_sun_cult, layout_concentric_octagons,
          grunt_megastairs_2
Zot:5:    layout_cellular_growth

Skill      XL: |  1  2  3  4  5  6  7  8  9 10 11 12 13 14 15 16 17 18 19 20 21 22 23 24 25 26 |
---------------+-------------------------------------------------------------------------------+-----
Conjurations   | 4 |  4.0
Dodging        | 3 4 5 6 8 9 11 13 15 16 19 22 24 26 27 | 27.0
Polearms       | 1 5 8 11 15 16 19 20 22 24 | 24.0
Fighting       | 1 3 4 6 7 9 10 12 15 17 19 21 24 26 27 | 27.0
Transmutations | 5 11 14 15 16 17 19 | 19.0
Earth Magic    | 4 7 8 9 10 11 12 | 12.0
Spellcasting   | 4 6 7 9 |  9.0
Invocations    | 5 7 12 15 17 | 17.4
Armour         | 4 8 |  8.0
Stealth        | |  2.1

Action                   |  1- 3 |  4- 6 |  7- 9 | 10-12 | 13-15 | 16-18 | 19-21 | 22-24 | 25-27 || total
-------------------------+-------+-------+-------+-------+-------+-------+-------+-------+-------++-------
Melee: Dagger            |    10 |       |       |       |       |       |       |       |       ||    10
       Unarmed           |     3 |       |       |       |       |       |       |       |     5 ||     8
       Punch             |     1 |     2 |     3 |    15 |       |       |       |       |       ||    21
       Short sword       |    16 |       |       |       |       |       |       |       |       ||    16
       Hand axe          |     1 |    78 |   211 |   360 |       |       |       |       |       ||   650
       Tailslap          |       |     3 |       |    29 |     7 |    17 |       |       |       ||    56
       Halberd           |       |       |       |   204 |       |       |       |       |       ||   204
       Glaive            |       |       |       |   138 |  1401 |   315 |       |       |       ||  1854
       Trident           |       |       |       |    30 |       |       |       |       |       ||    30
       Bardiche          |       |       |       |       |       |   842 |  1192 |  1163 |   642 ||  3839
       Bite              |       |       |       |       |       |       |       |     2 |   123 ||   125
 Cast: Magic Dart        |    71 |       |    27 |   144 |       |       |       |       |       ||   242
       Searing Ray       |       |       |       |     1 |       |       |       |       |       ||     1
       Statue Form       |       |       |       |       |    75 |    96 |    77 |    58 |    37 ||   343
Invok: Divine Shield     |       |       |       |     1 |       |       |       |       |       ||     1
       Summon Divine War |       |       |       |       |       |     3 |     8 |     7 |     7 ||    25
       Cleansing Flame   |       |       |       |       |       |       |     2 |       |       ||     2
       Brand Weapon With |       |       |       |       |       |       |       |     1 |       ||     1
 Abil: End Transformatio |       |       |       |       |       |       |       |     2 |       ||     2
Evoke: Wand              |       |       |       |    19 |     8 |     2 |       |     4 |     2 ||    35
  Use: Potion            |       |       |     4 |     7 |    10 |     1 |     3 |    12 |     1 ||    38
       Scroll            |       |       |       |    15 |    17 |    11 |     2 |     5 |     7 ||    57
 Stab: Sleeping          |       |     7 |       |       |       |       |       |       |       ||     7
Armor: Robe              |     2 |     8 |    39 |    62 |    78 |    18 |     4 |    12 |       ||   223
       Skin              |       |       |       |       |   406 |   466 |   394 |   281 |   308 ||  1855
       Scale mail        |       |       |       |       |       |       |       |    84 |    47 ||   131
Dodge: Dodged            |    18 |    46 |   236 |   781 |  1744 |  1891 |  2044 |  1566 |   794 ||  9120
